 Dungeon Crawl Stone Soup version 0.30.1-11-g7821555f0a (webtiles) character file.

Game seed: 10256395744139671023

115 booth the Chopper (level 4, -3/37 HPs)
             Began as a Demonspawn Monk on Dec 28, 2023.
             Killed by divine providence
             ... invoked by an orc priest
              (15 damage)
             ... on level 4 of the Dungeon.
             The game lasted 00:16:57 (3079 turns).

booth the Chopper (Demonspawn Monk)                 Turns: 3079, Time: 00:16:57

Health: -3/37      AC:  4    Str: 13    XL:     4   Next: 68%
Magic:  4/4        EV: 12    Int: 11    God:
Gold:   220        SH:  0    Dex: 16    Spells: 3/3 levels left

rFire   . . .        a - +0 hand axe
rCold   . . .        o - +0 buckler
rNeg    + . .        h - +0 leather armour
rPois   .            k - +0 helmet
rElec   .            (no cloak)
rCorr   .            (no gloves)
SInv    .            (no boots)
Will    .....        (no amulet)
Stlth   +            g - +4 ring of slaying
HPRegen 0.26/turn    m - ring of positive energy
MPRegen 0.09/turn

%: no passive effects
@: confused, ambrosia-drunk
A: spiny 1
a: no special abilities


You were on level 4 of the Dungeon.
You visited 1 branch of the dungeon, and saw 4 of its levels.

You collected 220 gold pieces.

Inventory:

Hand Weapons
 a - a +0 hand axe (weapon)
Missiles
 e - 2 poisoned darts
 j - 5 boomerangs of dispersal
 q - 2 boomerangs (quivered)
Armour
 d - an orb of light
 h - a +0 leather armour (worn)
 i - a +0 tower shield
 k - a +0 helmet (worn)
 o - a +0 buckler (worn)
Jewellery
 g - a +4 ring of slaying (left hand)
 m - a ring of positive energy (right hand)
 t - a ring of flight
 x - a +5 ring of evasion
Wands
 u - a wand of flame (18)
Scrolls
 l - a scroll of magic mapping
 p - a scroll of noise {unknown}
 r - a scroll of teleportation {unknown}
 v - 2 scrolls of enchant armour {unknown}
 y - a scroll of blinking {unknown}
Potions
 b - 3 potions of flight
 c - a potion of ambrosia
 f - 5 potions of curing
 n - a potion of resistance {unknown}
 s - a potion of degeneration {unknown}
 w - a potion of heal wounds {unknown}


   Skills:
 + Level 3.9 Fighting
 * Level 4.4 Axes
 - Level 2.6 Dodging


You had 3 spell levels left.
You didn't know any spells.
Your spell library was empty.

Dungeon Overview and Level Annotations

Branches:
Dungeon (4/15)
 Temple: D:4-7

Altars:
Ashenzari
Cheibriados
Fedhas
Hepliaklqana
Kikubaaqudgha
Xom

Shops:
D:3 [


Innate Abilities, Weirdness & Mutations

You are partially covered in sharp spines.


Message History

Unknown command.
You see here a +0 robe.
You now have 213 gold pieces (gained 5).
You now have 220 gold pieces (gained 7).
An orc priest and a goblin come into view.
An orc comes into view. It is wielding a +0 short sword.
The orc shouts!
An orc comes into view. It is wielding a +0 mace.
An orc priest comes into view. It is wielding a +0 dagger.
The orc priest shouts! x2
The goblin is struck by your spines.
You kill the goblin!
You see here a +0 club.
You hit the orc.
The orc is heavily wounded.
The orc is struck by your spines.
You kill the orc!
The orc priest hits you from afar with a +0 trident.
The orc priest calls down the wrath of Beogh upon you.
Beogh smites you!
The orc priest is struck by your spines.
The orc priest hits you with a +0 trident!
Things that are here:
a +0 short sword; an orc corpse You hit the orc priest.
The orc priest is heavily wounded.
The orc priest is struck by your spines.
The orc priest closely misses you.
You hit the orc priest.
The orc priest is severely wounded.
The orc priest is struck by your spines.
The orc priest hits you with a +0 trident!
* * * LOW HITPOINT WARNING * * *
You are confused.
You feel invigorated.
The orc priest mumbles some strange prayers to Beogh against you.
Beogh smites you!
You die...

##### #.# #.# #.#
# #.# ..# #o# #
#.# #o# #. #.# #o#
.### ##.# #@# ..#
#.##... #)# #.#
#....#. #.#
###.### #... #.#
#.....# ##.#
#.###.###.######.#
#.....# #.........
#####.###.######.#
#.....# #..
###.### ###


You could see 2 orc priests and an orc.

Vanquished Creatures
  Jessica (D:2)
  3 adders
  A dart slug (D:3)
  An orc (D:4)
  5 bats
  2 endoplasms (D:1)
  A giant cockroach (D:3)
  3 goblins
  7 hobgoblins
  6 jackals
  3 quokkas
  3 ball pythons
  3 frilled lizards
  7 kobolds
  8 rats
54 creatures vanquished.

Notes
Turn   | Place    | Note
-------+----------+-------------------------------------------
     0 | D:1      | booth the Demonspawn Monk began the quest for the Orb.
     0 | D:1      | Reached XP level 1. HP: 18/18 MP: 1/1
   446 | D:1      | Reached skill level 3 in Axes
   525 | D:1      | Gained mutation: You are partially covered in sharp spines.
                  | [demonic ancestry]
   525 | D:1      | Reached XP level 2. HP: 24/24 MP: 2/2
  1111 | D:1      | Found a faded altar of an unknown god.
  1266 | D:2      | Noticed Jessica
  1273 | D:2      | Killed Jessica
  1274 | D:2      | Reached XP level 3. HP: 29/29 MP: 3/3
  1844 | D:2      | Reached skill level 4 in Axes
  1964 | D:3      | Reached XP level 4. HP: 37/37 MP: 4/4
  2087 | D:3      | Found Ceubev's Antique Armour Shop.
  2277 | D:3      | Found a large runed translucent door.
  2281 | D:3      | Found a large runed translucent door.
  2291 | D:3      | Found a broken altar of Ashenzari.
  2348 | D:3      | Found a hazy altar of Hepliaklqana.
  2541 | D:3      | Found a snail-covered altar of Cheibriados.
  2556 | D:3      | Found a shimmering altar of Xom.
  2556 | D:3      | Found an ancient bone altar of Kikubaaqudgha.
  2558 | D:3      | Found a blossoming altar of Fedhas.
  3079 | D:4      | Killed from afar by an orc priest

Illustrated notes

Levels and vault maps discovered:
D:1:      minmay_arrival_split_and_join, layout_basic,
          hellmonk_ecumenical_altar_leap_of_faith, hex_tiny
D:2:      layout_rooms, uniq_jessica
D:3:      layout_basic, minitemple, jmf_multi_god_temple2, serial_shops,
          shop_fountains, st_stairs_10, corexii_leaking_fountain
D:4:      layout_loops_ring

Skill      XL: |  1  2  3 |
---------------+----------+-----
Axes           | 3 4 |  4.4
Fighting       | |  3.9
Dodging        | |  2.6

Action                     |  1- 3 |  4- 6 || total
---------------------------+-------+-------++-------
  Melee: Hand axe          |    48 |    50 ||    98
  Throw: Dart              |     1 |       ||     1
         Boomerang         |       |     1 ||     1
    Use: Scroll            |     4 |       ||     4
         Potion            |       |     2 ||     2
   Stab: Sleeping          |       |     1 ||     1
 Armour: Robe              |     1 |       ||     1
         Leather armour    |     5 |     7 ||    12
  Dodge: Dodged            |    25 |    25 ||    50
  Block: Buckler           |     1 |     6 ||     7
